 Dungeon Crawl Stone Soup version 0.27-a0-1065-ge809cff456 (webtiles) character file.

Game seed: 17164687209381490836

11 Gaff the Insei (level 2, -4/22 HPs)
             Began as a Djinni Transmuter on Apr 22, 2021.
             Was a Follower of Jiyva.
             Killed from afar by a white imp (15 damage)
             ... with a puff of frost
             ... summoned by Natasha
             ... on level 2 of the Dungeon.
             The game lasted 00:03:38 (1259 turns).

Gaff the Insei (Djinni Transmuter)                  Turns: 1259, Time: 00:03:39

Health: -4/22      AC:  4    Str:  9    XL:     2   Next: 29%
Gold:   78         EV: 12    Int: 14    God:    Jiyva [*.....] SH:  0 Dex: 13

rFire    + + .     SeeInvis .     - Unarmed
rCold    x . .     Faith    .   (no shield)
rNeg     . . .     Spirit   .   a - +0 robe
rPois    ∞         Reflect  .   (no helmet)
rElec    .         Harm     .   (no cloak)
rCorr    .         Rampage  .   e - +1 pair of gloves
Will     .....                  (boots unavailable)
Stlth    +.........             (no amulet)
HPRegen  0.07/turn              (no ring)
MPRegen  0.00/turn              (no ring)

@: flying
A: fire resistance 2, cold vulnerability 1, float, innate caster, hp casting,
extra vitality 1
a: Renounce Religion, Request Jelly


You were on level 2 of the Dungeon.
You worshipped Jiyva.
Jiyva was aware of your devotion.
You visited 1 branch of the dungeon, and saw 2 of its levels.

You collected 78 gold pieces.

Inventory:

Missiles
 b - 39 stones
 f - 4 boomerangs of dispersal
Armour
 a - a +0 robe (worn)
 e - a +1 pair of gloves (worn)
Scrolls
 c - 2 scrolls of teleportation {unknown}
 d - a scroll of amnesia {unknown}


   Skills:
 - Level 1.0 Fighting
 + Level 2.4 Dodging
 + Level 0.4 Stealth
 + Level 3.1 Unarmed Combat
 * Level 2.1 Spellcasting


You couldn't memorise any spells.
You knew the following spells:

 Your Spells              Type           Power      Damage    Failure   Level
a - Beastly Appendage     Tmut           14%        N/A       10%         1
b - Wereblood             Tmut           7%         N/A       16%         2
c - Spider Form           Tmut/Pois      3%         N/A       30%         3
d - Ice Form              Ice/Tmut       7%         N/A       69%         4
e - Hydra Form            Tmut           3%         N/A       95%         5
Your spell library was empty.

Dungeon Overview and Level Annotations

Branches:
Dungeon (2/15)

Altars:
Jiyva

Annotations:
D:2 Natasha


Innate Abilities, Weirdness & Mutations

You are immune to poison.
Your flesh is very heat resistant. (rF++)
You are vulnerable to cold. (rC-)
You float through the air rather than walking.
You learn spells naturally, not from books.
Your magical power is your life essence.
You have superior vitality. (+4 HP)


Message History

Natasha mumbles some strange words.
You hit Natasha. Your headbutt misses Natasha.
Natasha is heavily wounded.
Natasha claws you.
You hit Natasha.
Natasha is severely wounded.
Natasha drinks a potion.
Natasha is healed!
The white imp puffs mist at you.
You hit Natasha. Your headbutt misses Natasha.
Natasha is moderately wounded.
You hear a distant slurping noise.
Natasha closely misses you. The white imp gestures at you.
The puff of frost misses you.
You hit Natasha.
Natasha is heavily wounded.
Natasha completely misses you. The white imp barely misses you.
You miss Natasha.
Natasha is heavily wounded.
Natasha claws you. The white imp closely misses you.
You closely miss Natasha.
Natasha is heavily wounded.
Natasha claws you.
* * * LOW HITPOINT WARNING * * *
The white imp hits you but does no damage.
You hit Natasha.
Natasha is heavily wounded.
Natasha misses you.
You closely miss Natasha.
Natasha is heavily wounded.
The white imp gestures at you. The puff of frost misses you.
Natasha mumbles some strange words.
You miss Natasha.
Natasha is heavily wounded.
Your horns disappear.
The white imp gestures at you. The puff of frost hits you!
You feel a terrible chill!
Ouch! That really hurt!
You die...

###. . #.... .. .....
... #### ####..... ....
....####.........
.....####.<.##........#.
......5.###.............
......h@.............#..
##.#...5######..........
#....# ###.......#
#..### #.......### ..#.
#......<# ##.##
#.......# # #.......#
#.......# #########


You could see an iron imp (summoned), Natasha and a white imp (summoned).

Vanquished Creatures
  A bat (D:1)
  A giant cockroach (D:1)
  A goblin (D:1)
  A quokka (D:1)
  4 ball pythons (D:1)
  A frilled lizard (D:1)
  3 rats (D:1)
12 creatures vanquished.

Vanquished Creatures (others)
  2 bats (D:1)
  A hobgoblin (D:1)
  5 demonic plants (D:1)
  3 fungi (D:1)
  7 plants (D:1)
  A withered plant (D:1)
19 creatures vanquished.

Grand Total: 31 creatures vanquished

Notes
Turn   | Place    | Note
-------+----------+-------------------------------------------
     0 | D:1      | Gaff the Djinni Transmuter began the quest for the Orb.
     0 | D:1      | Reached XP level 1. HP: 17/17 MP: 0/0
   495 | D:1      | Found a faded altar of an unknown god.
   520 | D:1      | Reached XP level 2. HP: 15/22 MP: 0/0
   643 | D:1      | Became a worshipper of Jiyva Jamahari the Shapeless
   643 | D:1      | Reached * piety under Jiyva
  1240 | D:2      | Noticed Natasha
  1259 | D:2      | Killed from afar by a white imp

Illustrated notes

Levels and vault maps discovered:
D:1:      lemuel_arrival_cross, layout_basic, shapermc_ecumenical_altar_gd
D:2:      layout_rooms, basic_altar, minmay_split_cup_small, uniq_jessica,
          uniq_natasha

Skill      XL: |  1 |
---------------+----+-----
Spellcasting   | 2 |  2.1
Fighting       | |  1.0
Dodging        | |  2.4
Stealth        | |  0.4
Unarmed Combat | |  3.1

Action                   || total
-------------------------++-------
Melee: Unarmed           ||    55
       Headbutt          ||     2
 Cast: Beastly Appendage ||     9
Armor: Robe              ||    11
Dodge: Dodged            ||    47

Table legend: (Time is in decaauts)
 A = Elapsed time spent in this place.
 B = Non-inter-level travel time spent in this place.
 C = Inter-level travel time spent in this place.
 D = Time resting spent in this place.
 E = Time spent auto-exploring this place.
 F = Levels seen in this place.
 G = Mean time per level.
                   A        B        C        D        E       F      G
               +--------+--------+--------+--------+--------+-----+--------+
         Total |   1255 |   1230 |     25 |    334 |    684 |   2 |  627.5 |
       Dungeon |   1255 |   1230 |     25 |    334 |    684 |   2 |  627.5 |
               +--------+--------+--------+--------+--------+-----+--------+

Top non-repeatable levels by time:
     D:1: 1218 daAuts
     D:2: 37 daAuts
